 Dungeon Crawl Stone Soup version 0.31.0-9-g3a7656b989 (webtiles) character file.

Game seed: 11056623808961339103

1253 qw the Skirmisher (level 8, -1/40 HPs)
             Began as a Spriggan Hunter on Feb 2, 2024.
             Slain by a gnoll sergeant
             ... wielding a +2 spear of flaming
              (8 damage)
             ... on level 6 of the Dungeon.
             The game lasted 00:00:23 (5408 turns).

qw the Skirmisher (Spriggan Hunter)                 Turns: 5408, Time: 00:00:24

Health: -1/40      AC: 14    Str:  7    XL:     8   Next: 26%
Magic:  9/9        EV: 20    Int: 10    God:
Gold:   1056       SH:  0    Dex: 27    Spells: 7/7 levels left

rFire   . . .        a - +0 shortbow
rCold   . . .        (shield currently unavailable)
rNeg    . . .        d - quicksilver dragon scales
rPois   .            m - +1 hat
rElec   .            (no cloak)
rCorr   .            (gloves unavailable)
SInv    +            (boots unavailable)
Will    ++...        (no amulet)
Stlth   ++           e - +6 ring of dexterity
HPRegen 0.26/turn    f - +4 ring of protection
MPRegen 0.11/turn

%: no passive effects
@: about to teleport, very quick
A: very small, no large weapons, unfitting armour, see invisible, speed 3,
antennae 1, hooves 1, mutation resistance 1
a: no special abilities


You were on level 6 of the Dungeon.
You visited 2 branches of the dungeon, and saw 7 of its levels.

You collected 1056 gold pieces.


Innate Abilities, Weirdness & Mutations

You are very small and have problems with some larger weapons.
You are too small for most types of armour.
You have supernaturally acute eyesight. (SInv)
You cover ground extremely quickly. (Speed+++)
You have a pair of small antennae on your head.
You have large cloven feet.
You are somewhat resistant to further mutation.


   Skills:
 - Level 3.0 Fighting
 + Level 8.6 Ranged Weapons
 - Level 1.8 Armour
 - Level 7.0 Dodging
 - Level 1.5 Stealth


You had 7 spell levels left.
You didn't know any spells.
Your spell library was empty.

Inventory:

Hand Weapons
 a - a +0 shortbow (weapon)
Armour
 d - quicksilver dragon scales (worn)
 m - a +1 hat (worn)
Jewellery
 e - a +6 ring of dexterity (left hand)
 f - a +4 ring of protection (right hand)
Wands
 b - a wand of paralysis (11)
 g - a wand of flame (2)
 n - a wand of mindburst (11)
Potions
 c - a potion of enlightenment
 h - a potion of might {unknown}
 i - a potion of brilliance {unknown}
 k - a potion of mutation

Dungeon Overview and Level Annotations

Branches:
Dungeon (6/15)             Temple (1/1) D:4

Altars:
Ashenzari
Elyvilon
Gozag
Hepliaklqana
Kikubaaqudgha
Nemelex Xobeh
Qazlal
Ru
Sif Muna
Wu Jian
Xom
The Shining One

Annotations:
D:5 3 runed translucent doors, qw's ghost, novice GrHu


Message History

5399 ||| RETREEEEATING.
The centaur throws a stone.
The stone hits you but does no damage.
You shoot an arrow. The arrow hits the centaur.
The centaur is moderately wounded.
The centaur throws a stone.
The stone misses you.
You shoot an arrow. The arrow hits the phantom.
The phantom is heavily damaged.
You shoot an arrow. The arrow hits the phantom.
The phantom is severely damaged.
The phantom completely misses you.
You shoot an arrow. The arrow hits the phantom!
You destroy the phantom!
The gnoll sergeant hits you from afar with a +2 spear of flaming.
The gnoll sergeant burns you.
You shoot an arrow.
The arrow hits the gnoll sergeant but does no damage.
The gnoll sergeant is moderately wounded.
The gnoll sergeant hits you but does no damage.
You shoot an arrow.
The arrow hits the gnoll sergeant but does no damage.
The gnoll sergeant is moderately wounded.
The gnoll sergeant hits you from afar with a +2 spear of flaming!
The gnoll sergeant burns you.
You shoot an arrow. The arrow hits the centaur!
The centaur is heavily wounded.
The centaur unwields a +0 shortbow.
The centaur wields a +0 scimitar.
The centaur closely misses you. The centaur kicks you.
The gnoll sergeant hits you from afar with a +2 spear of flaming!
The gnoll sergeant burns you.
5407 ||| READING scroll of teleportation.
As you read the scroll of teleportation, it crumbles to dust.
You feel strangely unstable.
The centaur hits you but does no damage.
The centaur kicks you but does no damage.
The gnoll sergeant barely misses you. The centaur misses you. x2
You shoot an arrow. The arrow hits the centaur.
The centaur is almost dead.
The centaur misses you. The centaur completely misses you.
The gnoll sergeant hits you from afar with a +2 spear of flaming!
You die...

#.##.# #.# #.#..#.....
.....# #.# #..g.......
..#..# #.######..###.#.
..#..# #.##..........# ##
.....####.##)###..##..#..#
###...............##..##.#
#######........g##..##.#
####.####c##..##.#
#.##.@.##..##.#
#.##.#.##.#.#.#
#.#......###..# #.......##
##.# ###...##.###.##
##.####.#.## #.# ##.## #.#
#.# #.# #.#


You could see a gnoll sergeant and a centaur.

Vanquished Creatures
  2 ice beasts
  A sky beast (D:6)
  An ogre (D:5)
  A phantom (D:6)
  A bullfrog (D:6)
  A gnoll sergeant (D:5)
  A scorpion (D:5)
  2 bombardier beetles (D:5)
  3 hounds
  A jelly (D:5)
  3 iguanas (D:5)
  Natasha (thrice) (D:2)
  2 orc wizards (D:5)
  Robin (D:2)
  7 gnolls
  6 adders
  A white imp (D:6)
  4 ufetubi (D:6)
  A dart slug (D:5)
  10 orcs
  8 endoplasms
  4 giant cockroaches
  12 goblins
  9 hobgoblins
  7 kobolds
  8 ball pythons
  5 bats
  4 frilled lizards
  6 rats
115 creatures vanquished.

Vanquished Creatures (others)
  A goblin (D:2)
1 creature vanquished.

Grand Total: 116 creatures vanquished

Notes
Turn   | Place    | Note
-------+----------+-------------------------------------------
     0 | D:1      | qw the Spriggan Hunter began the quest for the Orb.
     0 | D:1      | Reached XP level 1. HP: 10/10 MP: 2/2
     0 | D:1      | 0 ||| qw: Version: 0.3-a-155-g5e7d8dd
     0 | D:1      | 0 ||| qw: Game counter: 1066
     0 | D:1      | 0 ||| qw: Melee chars always use a shield: true
     0 | D:1      | 0 ||| qw: God list: Okawaru
     0 | D:1      | 0 ||| qw: Allow faded altars: false
     0 | D:1      | 0 ||| qw: Do Orc after clearing Dungeon:15 true
     0 | D:1      | 0 ||| qw: Do second Lair branch before Depths: true
     0 | D:1      | 0 ||| qw: Lair rune preference: random
     0 | D:1      | 0 ||| qw: Goals: Normal
     0 | D:1      | 0 ||| PLANNING D:1-11
    31 | D:1      | Reached skill level 3 in Dodging
    86 | D:1      | Reached XP level 2. HP: 14/14 MP: 3/3
   951 | D:1      | 951 ||| DROPPING ring of wizardry.
   952 | D:1      | 952 ||| READING 2 scrolls labelled DOCLAHI DEDORE.
   953 | D:1      | 953 ||| READING scroll labelled POTODI FYAWEL.
  1054 | D:1      | 1054 ||| READING scroll labelled CUOLAF IKHLUBB.
  1055 | D:1      | 1055 ||| READING scroll labelled XIUTUPH DUBECIO.
  1055 | D:1      | 1055 ||| ENCHANTING +0 shortbow.
  1056 | D:1      | 1056 ||| DROPPING scroll of butterflies.
  1057 | D:1      | 1057 ||| DROPPING scroll of revelation.
  1089 | D:2      | Reached XP level 3. HP: 18/18 MP: 4/4
  1111 | D:2      | HP: 4/18 [poisoned by an adder]
  1293 | D:2      | Noticed Natasha
  1299 | D:2      | Killed Natasha
  1300 | D:2      | Reached skill level 5 in Ranged Weapons
  1312 | D:2      | Reached XP level 4. HP: 22/22 MP: 5/5
  1393 | D:2      | Found a glowing golden altar of the Shining One.
  1427 | D:2      | Found a faded altar of an unknown god.
  1532 | D:2      | Noticed Robin
  1548 | D:2      | Killed Robin
  1717 | D:2      | Noticed Natasha
  1723 | D:2      | Killed Natasha
  1798 | D:2      | 1798 ||| READING 2 scrolls labelled QEOREH NAUR.
  1798 | D:2      | 1798 ||| IDENTIFYING sedimented yellow potion
  1799 | D:2      | 1799 ||| READING scroll of identify.
  1799 | D:2      | 1799 ||| IDENTIFYING glowing golden potion
  1800 | D:2      | 1800 ||| READING scroll labelled COUFAVI UMUUTI.
  1801 | D:2      | 1801 ||| READING scroll labelled QAORACALUKK.
  1805 | D:2      | Noticed Natasha
  1811 | D:2      | Killed Natasha
  1812 | D:2      | Reached XP level 5. HP: 20/26 MP: 6/6
  1833 | D:2      | 1833 ||| DRINKING 2 lumpy sapphire potions.
  1834 | D:2      | 1834 ||| DRINKING blue potion.
  1843 | D:2      | 1843 ||| DROPPING potion of ambrosia.
  1844 | D:2      | 1844 ||| DROPPING potion of berserk rage.
  1845 | D:2      | 1845 ||| DROPPING potion of lignification.
  2801 | D:3      | 2801 ||| READING scroll of identify.
  2801 | D:3      | 2801 ||| IDENTIFYING lumpy puce potion
  2802 | D:3      | 2802 ||| READING scroll labelled JIGREM NUNN.
  2903 | D:3      | 2903 ||| READING scroll labelled LYUGIOSMEO.
  2904 | D:3      | 2904 ||| READING 2 scrolls labelled JETHRY WOROXT.
  2905 | D:3      | 2905 ||| DROPPING potion of attraction.
  2906 | D:3      | 2906 ||| DROPPING scroll of blinking.
  3597 | D:4      | Found a staircase to the Ecumenical Temple.
  3598 | D:4      | 3598 ||| PLANNING TEMPLE
  3598 | D:4      | 3598 ||| UPGRADING to quicksilver dragon scales.
  3608 | D:4      | 3608 ||| DROPPING +0 robe.
  3609 | D:4      | 3609 ||| UPGRADING to +6 ring of dexterity.
  3610 | D:4      | 3610 ||| UPGRADING to +4 ring of protection.
  3619 | Temple   | Entered the Ecumenical Temple
  3620 | Temple   | 3620 ||| PLANNING D:1-11
  3718 | D:4      | 3718 ||| READING scroll labelled WENENE YGICOYL.
  3718 | D:4      | Identified a scroll of acquirement
  3718 | D:4      | 3718 ||| ACQUIRING 726 gold pieces
  3718 | D:4      | Acquired 726 gold pieces
  3747 | D:5      | Entered Level 5 of the Dungeon
  3830 | D:5      | Noticed an ogre
  3831 | D:5      | 3831 ||| ZAPPING wand of flame (11) at -1,-7 (ogre; floor).
  3832 | D:5      | 3832 ||| ZAPPING wand of flame (10) at -1,-6 (ogre; floor).
  3833 | D:5      | 3833 ||| ZAPPING wand of flame (9) at -1,-5 (ogre; floor).
  3834 | D:5      | 3834 ||| ZAPPING wand of flame (8) at -1,-4 (ogre; floor).
  3835 | D:5      | 3835 ||| ZAPPING wand of flame (7) at 0,-3 (ogre; floor).
  3836 | D:5      | 3836 ||| ZAPPING wand of flame (6) at 0,-2 (ogre; floor).
  3837 | D:5      | 3837 ||| ZAPPING wand of flame (5) at 0,-1 (ogre; floor).
  3838 | D:5      | 3838 ||| ZAPPING wand of flame (4) at 0,-1 (ogre; floor).
  3839 | D:5      | 3839 ||| ZAPPING wand of flame (3) at 0,-1 (ogre; floor).
  3839 | D:5      | Killed an ogre
  3840 | D:5      | Reached skill level 1 in Armour
  3840 | D:5      | Reached XP level 6. HP: 30/30 MP: 7/7
  3883 | D:5      | Reached skill level 6 in Ranged Weapons
  3885 | D:5      | 3885 ||| RETREEEEATING.
  3973 | D:5      | Reached skill level 7 in Ranged Weapons
  3973 | D:5      | Reached XP level 7. HP: 35/35 MP: 8/8
  4034 | D:5      | Found a broken altar of Ashenzari.
  4122 | D:5      | Found an opulent altar of Gozag.
  4140 | D:5      | Found a runed translucent gate.
  4141 | D:5      | Noticed qw's ghost (novice GrHu)
  4151 | D:5      | Found a runed translucent gate.
  4151 | D:5      | Found a runed translucent gate.
  4281 | D:5      | Found an ornate altar of the Wu Jian Council.
  4380 | D:5      | Reached skill level 6 in Dodging
  4484 | D:5      | Found a shimmering altar of Xom.
  4688 | D:5      | Reached skill level 8 in Ranged Weapons
  4991 | D:5      | 4991 ||| UPGRADING to +1 hat.
  4996 | D:5      | 4996 ||| READING scroll of identify.
  4996 | D:5      | 4996 ||| IDENTIFYING pink potion
  4997 | D:5      | 4997 ||| DRINKING 2 amethyst potions.
  4997 | D:5      | Gained mutation: You have large cloven feet. [potion of
                  | mutation]
  4997 | D:5      | Gained mutation: You have a pair of small antennae on your
                  | head. [potion of mutation]
  4997 | D:5      | Gained mutation: You are somewhat resistant to further
                  | mutation. [potion of mutation]
  5075 | D:6      | Reached skill level 3 in Fighting
  5079 | D:6      | 5079 ||| RETREEEEATING.
  5087 | D:6      | Reached XP level 8. HP: 22/40 MP: 9/9
  5092 | D:6      | HP: 10/40 [gnoll sergeant/+2 spear of flaming (3)]
  5093 | D:6      | 5093 ||| READING 2 scrolls of teleportation.
  5260 | D:6      | Found a hazy altar of Hepliaklqana.
  5386 | D:6      | 5386 ||| RETREEEEATING.
  5387 | D:6      | 5387 ||| RETREEEEATING.
  5389 | D:6      | 5389 ||| RETREEEEATING.
  5390 | D:6      | 5390 ||| RETREEEEATING.
  5391 | D:6      | 5391 ||| RETREEEEATING.
  5394 | D:6      | 5394 ||| RETREEEEATING.
  5395 | D:6      | 5395 ||| RETREEEEATING.
  5396 | D:6      | 5396 ||| RETREEEEATING.
  5397 | D:6      | 5397 ||| RETREEEEATING.
  5398 | D:6      | 5398 ||| RETREEEEATING.
  5399 | D:6      | 5399 ||| RETREEEEATING.
  5406 | D:6      | HP: 9/40 [gnoll sergeant/+2 spear of flaming (8)]
  5407 | D:6      | 5407 ||| READING scroll of teleportation.
  5408 | D:6      | Slain by a gnoll sergeant

Levels and vault maps discovered:
D:1:      minmay_arrival_four_houses, layout_loops_corners, serial_rivers,
          chequers_serial_rivers_micro_d, chequers_serial_rivers_large_b,
          chequers_serial_rivers_micro_e, chequers_serial_rivers_micro_b,
          chequers_serial_rivers_small_a
D:2:      layout_basic, shapermc_ecumenical_altar_acropolis, basic_altar,
          uniq_crazy_yiuf_cottage, uniq_natasha, uniq_robin
D:3:      layout_basic
D:4:      layout_loops_ring, temple_hall, bh_walls_and_bars
D:5:      layout_basic, nicolae_overflow_crystal_walls,
          mainiacjoe_overflow_concentric_impassable,
          ashenzari_conservatory_becter, nzn_wu_jian_council_hall,
          biasface_ghost_orc_armoury
D:6:      layout_loops_ring, nicolae_hepliaklqana_hazy_memory,
          nicolae_tso_besieged_by_evil
Temple:   nicolae_temple_two_arcs

Skill      XL: |  1  2  3  4  5  6  7  8 |
---------------+-------------------------+-----
Dodging        | 3 4 5 6 7 |  7.0
Ranged Weapons | 5 7 8 |  8.6
Fighting       | 2 3 |  3.0
Armour         | 1 |  1.8
Stealth        | |  1.5

Action                     |  1- 3 |  4- 6 |  7- 9 || total
---------------------------+-------+-------+-------++-------
   Fire: Shortbow          |    74 |   161 |   158 ||   393
  Evoke: Wand              |       |     9 |       ||     9
    Use: Scroll            |     4 |     9 |     3 ||    16
         Potion            |       |     2 |     1 ||     3
 Armour: Robe              |     6 |    11 |       ||    17
         Quicksilver drago |       |    19 |    68 ||    87
  Dodge: Dodged            |    20 |    78 |   146 ||   244

Table legend:
 A = Non-vault XP
 B = Vault XP
 C = Vault XP percentage of total XP
 D = Non-vault monster count
 E = Vault monster count
 F = Vault count percentage of total count
                 A         B        C        D         E       F
            +---------+---------+-------+---------+---------+-------
      Total |    1718 |      72 |   4.0 |     102 |      13 |  11.3
            +---------+---------+-------+---------+---------+-------
        D:1 |      33 |       0 |   0.0 |      24 |       0 |   0.0
        D:2 |     123 |      72 |  36.9 |      13 |      13 |  50.0
        D:3 |      35 |       0 |   0.0 |      14 |       0 |   0.0
        D:4 |      21 |       0 |   0.0 |      10 |       0 |   0.0
        D:5 |     931 |       0 |   0.0 |      28 |       0 |   0.0
        D:6 |     575 |       0 |   0.0 |      13 |       0 |   0.0
            +---------+---------+-------+---------+---------+-------
